 Dungeon Crawl Stone Soup version 0.15.2 (webtiles) character file.

15640 monstruo the Bludgeoner (level 12, 0/135 HPs)
             Began as a Minotaur Berserker on Nov 17, 2014.
             Was a High Priest of Trog.
             Slain by a cyclops (7 damage)
             ... on Level 12 of the Dungeon.
             The game lasted 01:07:04 (14540 turns).

monstruo the Bludgeoner (Minotaur Berserker)       Turns: 14540, Time: 01:07:04

HP   0/135       AC  2     Str 30      XL: 12   Next:  3%
MP   5/5         EV 13     Int  4      God: Trog [*****.]
Gold 280         SH  0     Dex 19      Spells:  0 memorised, 11 levels left

rFire  . . .     SeeInvis .     Q - +2 battleaxe "Zuala" {freeze, rPois Dex+4}
rCold  . . .     Clarity  .     (no armour)
rNeg   . . .     rCorr    .     (no shield)
rPois  +         rRot     .     (helmet restricted)
rElec  .         Spirit   .     y - +0 cloak
SustAb .         Warding  .     x - +0 pair of gloves
rMut   +         Stasis   .     (no boots)
Gourm  .                        I - amulet of resist mutation
MR     +....                    m - ring of protection from magic
                                k - +3 ring of strength

@: berserking, very slightly contaminated, invisible, very quick, somewhat
resistant to hostile enchantments, extremely unstealthy
A: retaliatory headbutt, horns 2
a: Burn Spellbooks, Berserk, Trog's Hand, Brothers in Arms, Renounce Religion


You were on level 12 of the Dungeon.
You worshipped Trog.
Trog was extremely pleased with you.
You were not hungry.

You visited 2 branches of the dungeon, and saw 13 of its levels.
You also visited: Ossuary.

You collected 760 gold pieces.
You spent 480 gold pieces at shops.

Inventory:

Hand weapons
 Q - the +2 battleaxe "Zuala" (weapon) {freeze, rPois Dex+4}
   (Trog gifted it to you on level 8 of the Dungeon)

   It has been specially enchanted to freeze those struck by it, causing extra
   injury to most foes and up to double damage against particularly susceptible
   opponents.
   It can also slow down cold-blooded creatures.
   It affects your dexterity (+4).
   It protects you from poison.
 Z - a +2 war axe of holy wrath
Armour
 q - a +1 scale mail of magic resistance
 x - a +0 pair of gloves (worn)
 y - a +0 cloak (worn)
 A - a +0 plate armour
 X - a +0 scale mail of cold resistance
Magical devices
 a - a wand of lightning (1) {unknown}
 b - a wand of flame (4)
 i - a wand of cold (9) {unknown}
 l - a wand of paralysis (14) {unknown}
 t - a wand of lightning (8) {unknown}
 D - a wand of confusion (8) {unknown}
 T - a wand of lightning (5) {unknown}
 W - a wand of magic darts (2)
Comestibles
 c - 9 bread rations
 f - a beef jerky
 F - 3 meat rations
 G - 4 rotting chunks of hippogriff flesh
 J - 3 rotting chunks of soldier ant flesh
Scrolls
 u - 3 scrolls of remove curse
 w - 4 scrolls of enchant weapon {unknown}
 z - a scroll of fog
 B - 4 scrolls of enchant armour
 C - 2 scrolls of blinking
 M - a scroll of vulnerability {unknown}
 R - 6 scrolls of identify
 S - 2 scrolls of random uselessness {unknown}
 U - 2 scrolls of teleportation
Jewellery
 g - a cursed ring of loudness {unknown}
 k - a +3 ring of strength (left hand)
 m - a ring of protection from magic (right hand)
 s - an uncursed amulet of clarity
 E - an uncursed ring of stealth {unknown}
 H - an uncursed ring of poison resistance {unknown}
 I - an amulet of resist mutation (around neck)
 L - the ring "Soinamen" {Ice +Inv Str-2, unknown}
   (You found it on level 8 of the Dungeon)

   [ring of ice]

   It enhances your ice magic, and weakens your fire magic.
   It affects your strength (-2).
   It makes you vulnerable to fire.
   It protects you from cold.
   It lets you turn invisible.
 O - an uncursed ring of magical power {unknown}
Potions
 d - a potion of lignification {unknown}
 e - 2 potions of confusion {unknown}
 h - a potion of mutation {unknown}
 j - 3 potions of restore abilities {unknown}
 n - 2 potions of agility {unknown}
 o - a potion of flight {unknown}
 K - 2 potions of poison {unknown}
 N - 3 potions of haste
 V - 2 potions of heal wounds
 Y - a potion of degeneration {unknown}


   Skills:
 - Level 3.6 Fighting
 + Level 15.3(17.8) Axes
   Level 15.6(17.9) Maces & Flails
 - Level 5.1 Armour
 - Level 2.1 Dodging
   Level 1.7 Shields


You had 11 spell levels left.
You didn't know any spells.

Dungeon Overview and Level Annotations

Branches:
Dungeon (12/15)            Temple (1/1) D:4             Orc (0/4) D:12
   Lair (0/8) D:10

Altars:
Ashenzari
Cheibriados
Dithmenos
Elyvilon
Fedhas
Kikubaaqudgha
Makhleb
Nemelex Xobeh
Okawaru
Qazlal
Sif Muna
Trog
Vehumet
Xom
Yredelemnul
Zin
The Shining One

Shops:
D:4 *   D:9 ?


Innate Abilities, Weirdness & Mutations

You reflexively headbutt those who attack you in melee.
You have a pair of horns on your head.


Message History

The cyclops shouts!
The cyclops throws a large rock.
The large rock hits you!
You see here a large rock.
The cyclops throws a large rock.
The large rock hits you!
You see here a large rock.
The cyclops throws a large rock.
The large rock hits you!!!
* * * LOW HITPOINT WARNING * * *
You see here a large rock.
Drink which item? (? for menu, Esc to quit)
You fade into invisibility!
It was a potion of invisibility.
The cyclops throws a large rock.
The large rock misses you.
You are very lightly contaminated with residual magic.
Use which ability? (? or * to list)
A red film seems to cover your vision as you go berserk!
You feel yourself moving faster!
You feel mighty!
You feel somewhat more hungry.
You feel a strong urge to attack something.
The cyclops hits you!
You die...

#.. .......................
#.######...................
#.#....#.......)..))........
..#....#.......[............
..#....#....................
..#<...#................###
..###'##......####......#
..........#####..#......#
..........#(...(@C......#
..........#..(..)#......#
'#######.§#.(....#......#
.......#§§#......#......#
.......'.§#'#''###......#
.......#................#
.......#§############...#
.......#.# ... ########.#


You could see a cyclops.

Vanquished Creatures
  The ghost of ghwc the Carver, a powerful DsFi of Makhleb (D:10)
  The ghost of bullock the Conjurer, a powerful GrWz of Vehumet (D:12)
  2 hill giants
  2 cyclopes (D:11)
  A feature mimic (D:8)
  A centaur skeleton (D:12)
  2 trolls (D:9)
  A two-headed ogre (D:8)
  A shadow (D:10)
  A wyvern (D:11)
  17 yaks
  3 hippogriffs
  4 fire bats (D:8)
  A deep elf fighter (D:9)
  2 soldier ants
  2 hungry ghosts (D:9)
  3 wargs
  3 orc warriors
  A water moccasin (D:8)
  A yellow wasp (D:11)
  4 ice beasts
  A necrophage (D:5)
  2 black bears
  A hell hound (D:8)
  3 ogres
  2 phantoms (D:6)
  5 centaurs
  3 sky beasts
  A crocodile (D:11)
  Duvessa (D:9)
  2 big kobolds
  6 giant frogs
  Blork the orc (D:9)
  A wyvern zombie (D:9)
  7 scorpions
  The ghost of monstruo the Cudgeler, a weakling MiBe of Trog (D:3)
  A wyvern skeleton (D:9)
  14 wights
  An eye of draining (D:11)
  14 killer bees
  A hippogriff skeleton (D:5)
  A goliath beetle (D:6)
  An electric eel (D:9)
  A lava snake (D:8)
  Dowan (D:9)
  2 quasits (D:10)
  A giant frog zombie (D:4)
  6 hounds
  4 jellies
  7 crimson imps
  Crazy Yiuf (D:5)
  5 orc priests
  3 iguanas
  8 orc wizards
  7 worker ants
  Terence (D:2)
  2 mummies
  A worker ant zombie (D:6)
  9 adders
  A shadow imp (D:10)
  2 giant mites
  3 worms
  2 adder skeletons (D:4)
  An adder zombie (D:4)
  An iguana skeleton (D:11)
  9 giant geckos
  3 oozes
  45 orcs
  A ball python (D:4)
  12 bats
  5 giant cockroaches
  A giant mite zombie (D:4)
  11 goblins
  16 hobgoblins
  4 jackals (D:7)
  8 quokkas
  A giant gecko skeleton (D:6)
  2 giant newts
  3 hobgoblin zombies (D:7)
  24 kobolds
  3 orc zombies
  16 rats
  A rat zombie (D:6)
  2 ballistomycetes
  A plant (D:4)
361 creatures vanquished.

Vanquished Creatures (others)
  2 fire vortices (D:8)
  A deep elf mage (D:11)
  An orc priest (D:8)
  An orc wizard (D:8)
  A shadow imp (D:9)
  An orc (D:8)
  6 giant spores
  A hobgoblin skeleton (D:7)
  A ballistomycete (D:9)
15 creatures vanquished.

Grand Total: 376 creatures vanquished

Notes
Turn   | Place    | Note
--------------------------------------------------------------
     0 | D:1      | monstruo, the Minotaur Berserker, began the quest for the Orb.
     0 | D:1      | Reached XP level 1. HP: 19/19 MP: 1/1
    98 | D:1      | Reached skill level 4 in Maces & Flails
   175 | D:1      | Reached XP level 2. HP: 13/26 MP: 1/1
   905 | D:2      | Reached skill level 5 in Maces & Flails
  1027 | D:2      | Noticed Terence
  1073 | D:2      | Killed Terence
  1073 | D:2      | Reached XP level 3. HP: 17/31 MP: 2/2
  1682 | D:2      | Found a sparkling altar of Nemelex Xobeh.
  1779 | D:2      | Acquired Trog's second power
  1831 | D:2      | Found a white marble altar of Elyvilon.
  1905 | D:2      | Reached XP level 4. HP: 39/39 MP: 2/2
  1930 | D:2      | Reached skill level 6 in Maces & Flails
  2567 | D:3      | Noticed monstruo's ghost (weakling MiBe)
  2582 | D:3      | Reached skill level 7 in Maces & Flails
  2582 | D:3      | Reached XP level 5. HP: 38/45 MP: 2/2
  2586 | D:3      | Killed monstruo's ghost
  3036 | D:3      | Reached skill level 8 in Maces & Flails
  3205 | D:3      | Reached XP level 6. HP: 51/51 MP: 3/3
  3442 | D:4      | Found a staircase to the Ecumenical Temple.
  3523 | Temple   | Entered the Ecumenical Temple
  3760 | D:4      | Reached skill level 9 in Maces & Flails
  3977 | D:4      | Found Balyfab's Assorted Antiques.
  4231 | D:5      | Entered Level 5 of the Dungeon
  4263 | D:5      | Acquired Trog's third power
  4270 | D:5      | Reached XP level 7. HP: 57/57 MP: 3/3
  4335 | D:5      | Found a deep blue altar of Sif Muna.
  4337 | D:5      | Found a basalt altar of Yredelemnul.
  4500 | D:5      | Noticed Crazy Yiuf
  4506 | D:5      | Killed Crazy Yiuf
  4575 | D:5      | Reached skill level 10 in Maces & Flails
  4584 | D:5      | Found a sand-covered staircase.
  4590 | Ossuary  | Entered an ossuary
  5156 | D:6      | Reached skill level 11 in Maces & Flails
  5241 | D:6      | Found an iron altar of Okawaru.
  5268 | D:6      | Reached XP level 8. HP: 53/64 MP: 3/3
  5417 | D:6      | Reached skill level 12 in Maces & Flails
  6074 | D:7      | Reached skill level 13 in Maces & Flails
  6222 | D:6      | Reached XP level 9. HP: 15/70 MP: 4/4
  6529 | D:7      | Reached skill level 14 in Maces & Flails
  6802 | D:7      | Found a shadowy altar of Dithmenos.
  6969 | D:7      | Reached skill level 1 in Shields
  7358 | D:7      | Reached skill level 15 in Maces & Flails
  7949 | D:8      | Got a vibrating brass ring
  8045 | D:8      | Reached skill level 5 in Armour
  8094 | D:8      | Received a gift from Trog
  8098 | D:8      | Got a pitted battleaxe {god gift}
  8265 | D:8      | Identified the +2 battleaxe "Zuala" {freeze, rPois Dex+4} (Trog gifted it to you on level 8 of the Dungeon)
  8353 | D:8      | Reached skill level 1 in Axes
  8353 | D:8      | Reached XP level 10. HP: 73/77 MP: 4/4
  8764 | D:8      | Reached skill level 5 in Axes
  8939 | D:9      | Noticed Dowan
  8940 | D:9      | Noticed Duvessa
  9082 | D:8      | HP: 2/77 [lava snake/glob of lava (14)]
  9580 | D:9      | Found a blossoming altar of Fedhas.
  9680 | D:9      | Killed Duvessa
  9681 | D:9      | Killed Dowan
  9787 | D:9      | Found Thaosaj's Magic Scroll Boutique.
  9794 | D:9      | Bought 2 scrolls of enchant armour for 195 gold pieces
  9794 | D:9      | Bought a scroll of blinking for 97 gold pieces
  9794 | D:9      | Bought a scroll of identify for 26 gold pieces
  9794 | D:9      | Bought a scroll of blinking for 97 gold pieces
  9794 | D:9      | Bought a scroll of teleportation for 39 gold pieces
  9794 | D:9      | Bought a scroll of identify for 26 gold pieces
 10365 | D:9      | Noticed Blork the orc
 10371 | D:9      | Killed Blork the orc
 10432 | D:10     | Entered Level 10 of the Dungeon
 10453 | D:10     | Reached skill level 10 in Axes
 10701 | D:10     | Reached XP level 11. HP: 32/82 MP: 4/4
 10725 | D:10     | HP: 1/82 [warg (8)]
 11278 | D:10     | Found a staircase to the Lair.
 11303 | D:10     | Noticed ghwc's ghost (powerful DsFi)
 11310 | D:10     | Killed ghwc's ghost
 11913 | D:10     | Received a gift from Trog
 12032 | D:10     | Noticed a hill giant
 12042 | D:10     | Killed a hill giant
 13271 | D:11     | Noticed a hill giant
 13280 | D:11     | Killed a hill giant
 14078 | D:12     | Reached skill level 15 in Axes
 14172 | D:12     | Found a staircase to the Orcish Mines.
 14448 | D:12     | Noticed bullock's ghost (powerful GrWz)
 14467 | D:12     | Killed bullock's ghost
 14467 | D:12     | Reached XP level 12. HP: 63/90 MP: 5/5
 14537 | D:12     | HP: 4/90 [cyclops/ large rock (36)]
 14540 | D:12     | Slain by a cyclops

Action                   |  1- 3 |  4- 6 |  7- 9 | 10-12 || total
-------------------------+-------+-------+-------+-------++-------
Melee: Mace              |    42 |       |   389 |     3 ||   434
       Flail             |    38 |   186 |    14 |       ||   238
       Battleaxe         |       |       |     2 |   293 ||   295
       War axe           |       |       |       |    85 ||    85
Throw: Tomahawk          |       |       |       |     4 ||     4
Invok: Berserk           |       |     1 |     6 |    16 ||    23
  Use: Potion            |       |     2 |       |     7 ||     9
       Scroll            |       |       |    12 |     6 ||    18
  Eat: Chunk             |     3 |     8 |    10 |    18 ||    39
       Pizza             |       |       |     1 |     1 ||     2
       Beef jerky        |       |       |     3 |     7 ||    10
       Bread ration      |       |       |     1 |     1 ||     2
       Royal jelly       |       |       |       |     1 ||     1
